Map: Prion Terraces

Players

Lambo - Winner!

  • Race: Zerg Zerg
  • League: Grandmaster

DeMusliM

  • Race: Terran Terran
  • League: Grandmaster

Event: Homestory Cup XII

VOD

Have the link to the VOD?

Description

Time

  • Played on: Dec. 17, 2015, 11:59 a.m.
  • Length: 11:24

All games in this series

Show
View Real Time Build Order
Export as new Build Order

Lambo Zerg - Winner!

Build Orders: Hatch First 

Get SALT Encoding   

  12  0:01  Drone  
  13  0:12  Overlord  
  13  0:19  Drone  
  14  0:30  Drone x2  
  14  0:35  Drone  
  17  0:51  Hatchery  
  17  0:54  Drone  
  17  1:08  Spawning Pool  
  17  1:09  Extractor  
  15  1:12  Drone  
  15  1:15  Drone  
  17  1:19  Drone  
  18  1:28  Drone  
  19  1:41  Overlord  
  19  1:53  Drone  
  20  1:54  Queen  
  20  2:00  Zergling x2  
  23  2:02  Queen  
  23  2:03  Zergling x2  
  26  2:11  Metabolic Boost  
  26  2:16  Drone  
  26  2:18  Drone  
  28  2:27  Overlord  
  28  2:31  Drone  
  28  2:41  Queen  
  28  2:43  Drone x2  
  28  2:44  Drone  
  33  2:50  Overlord  
  33  2:55  Drone  
  34  3:00  Overlord  
  34  3:10  Drone x2  
  36  3:14  Drone x3  
  36  3:17  Drone, Overlord  
  40  3:20  Queen  
  40  3:23  Drone x2  
  44  3:35  Hatchery  
  44  3:36  Drone x3  
  46  3:41  Drone  
  46  3:44  Drone x2  
  46  3:48  Extractor  
  48  3:51  Roach Warren  
  48  3:52  Drone x3  
  50  3:56  Overlord  
  50  3:57  Drone  
  50  4:02  Queen  
  53  4:06  Zergling x2  
  53  4:07  Zergling x4  
  53  4:09  Drone  
  57  4:13  Extractor  
  56  4:18  Drone  
  56  4:19  Spore Crawler  
  56  4:21  Drone x3, Spore Crawler  
  58  4:29  Zergling x2  
  59  4:33  Drone  
  59  4:34  Lair  
  59  4:35  Drone x3  
  63  4:45  Drone  
  64  4:48  Drone x2  
  64  4:50  Evolution Chamber x2  
  63  5:03  Drone x5  
  63  5:05  Extractor  
  63  5:06  Extractor  
  66  5:10  Extractor  
  66  5:12  Drone x3  
  68  5:14  Drone  
  68  5:15  Drone x2  
  68  5:18  Zerg Missile Weapons Level 1, Zerg Ground Armor Level 1  
  71  5:21  Drone x2  
  71  5:23  Overlord x2  
  73  5:35  Glial Reconstitution  
  73  5:44  Drone x3  
  73  5:45  Drone  
  73  5:46  Roach x6  
  89  5:51  Overlord x2  
  89  5:52  Hatchery, Overlord  
  88  6:04  Overlord  
  88  6:05  Overlord  
  88  6:17  Roach x8  
  104  6:18  Ravager  
  104  6:21  Pneumatized Carapace  
  105  6:30  Overlord  
  105  6:31  Roach  
  105  6:32  Roach x7  
  121  6:38  Overlord  
  121  6:40  Overlord  
  121  6:41  Overlord x2  
  121  6:45  Overlord  
  121  6:48  Overlord  
  121  6:49  Overseer  
  121  6:57  Roach x5  
  131  7:07  Ravager x3  
  131  7:08  Ravager  
  135  7:09  Roach x10  
  155  7:16  Roach  
  155  7:17  Roach  
  155  7:20  Ravager x4  
  155  7:21  Roach x3  
  169  7:26  Roach x3  
  169  7:29  Roach  
  177  7:33  Roach x3  
  183  7:40  Overlord x2  
  183  7:53  Roach  
  183  8:06  Roach x9  
  183  8:12  Overlord  
  182  8:26  Roach x14  
  184  8:33  Roach x2  
  171  8:38  Roach x3  
  168  8:44  Roach x6  
  168  8:47  Zerg Missile Weapons Level 2  
  163  8:52  Roach  
  163  8:53  Roach x4  
  166  9:00  Roach  
  166  9:01  Roach x2  
  166  9:08  Roach x5, Extractor  
  166  9:09  Extractor  
  165  9:13  Roach x7  
  173  9:20  Overseer  
  173  9:23  Roach x8  
  187  9:27  Roach  
  187  9:30  Roach x2  
  187  9:42  Infestation Pit, Roach  
  187  9:43  Roach x5  
  198  9:47  Overlord  
  198  9:49  Overseer  
  198  9:52  Overlord  
  188  10:06  Roach x4  
  188  10:07  Roach x6  
  184  10:15  Roach x8  
  192  10:23  Ravager x2  
  192  10:24  Roach x3  
  198  10:30  Ravager  
  183  10:45  Roach x11  
  193  10:52  Roach  
  193  10:53  Roach x3  
  193  11:00  Roach  
  193  11:01  Roach x4  
Show
View Real Time Build Order
Export as new Build Order

DeMusliM Terran 

Build Orders: Liberator Opening, Reaper Expand, MMM Bio 

Get SALT Encoding   

  12  0:00  SCV  
  13  0:13  SCV  
  14  0:17  Supply Depot  
  14  0:25  SCV  
  14  0:27  Refinery  
  15  0:39  SCV  
  16  0:44  Barracks  
  16  0:51  SCV  
  17  1:03  SCV  
  18  1:15  SCV  
  19  1:30  Orbital Command  
  19  1:31  Reaper  
  20  1:39  Command Center  
  20  1:48  Supply Depot  
  20  1:56  SCV  
  21  2:05  Factory, Marine  
  21  2:08  SCV  
  23  2:11  Refinery  
  23  2:20  SCV  
  24  2:24  Barracks Reactor  
  24  2:32  SCV  
  25  2:44  SCV  
  26  2:51  Orbital Command  
  26  2:53  Starport  
  26  2:56  SCV  
  27  3:04  Hellion  
  27  3:05  Hellion, Barracks Tech Lab  
  31  3:09  SCV, Supply Depot  
  32  3:17  SCV, Liberator  
  33  3:21  SCV  
  34  3:29  SCV  
  34  3:33  SCV  
  39  3:41  SCV  
  39  3:42  Supply Depot  
  39  3:45  SCV  
  41  3:49  Command Center  
  41  3:54  Siege Tank  
  44  3:55  Marine x2  
  44  3:58  SCV  
  44  4:00  SCV  
  44  4:01  Liberator  
  48  4:10  SCV  
  48  4:12  SCV  
  48  4:13  Marine x2  
  48  4:15  Supply Depot  
  52  4:22  SCV  
  57  4:24  SCV  
  57  4:32  Refinery  
  57  4:33  Refinery  
  57  4:34  SCV  
  57  4:36  SCV  
  57  4:37  Supply Depot  
  59  4:40  Siege Tank  
  62  4:46  SCV  
  62  4:48  SCV  
  64  4:58  SCV  
  64  4:59  Marine x2  
  63  5:00  SCV  
  63  5:01  Orbital Command  
  63  5:04  Engineering Bay  
  63  5:06  Engineering Bay  
  63  5:10  Supply Depot, SCV  
  63  5:13  SCV  
  65  5:18  Starport Reactor  
  65  5:20  Barracks  
  65  5:22  SCV, Orbital Command  
  65  5:26  Factory Reactor  
  65  5:27  Marine  
  65  5:28  Stimpack, Barracks  
  67  5:33  SCV  
  67  5:35  SCV  
  69  5:41  Terran Infantry Weapons Level 1  
  69  5:42  Terran Infantry Armor Level 1, Barracks  
  69  5:43  Barracks  
  69  5:45  SCV  
  69  5:47  SCV  
  69  5:48  SCV  
  72  5:50  Marine  
  73  5:58  SCV  
  73  5:59  SCV  
  73  6:00  SCV  
  76  6:04  Barracks  
  76  6:07  Marine  
  76  6:09  Widow Mine x2, Barracks x2, Starport Reactor  
  76  6:10  SCV  
  76  6:11  SCV, Barracks Tech Lab  
  83  6:14  Marine  
  83  6:15  SCV  
  85  6:18  Armory  
  85  6:21  Refinery, Marine  
  85  6:22  SCV  
  85  6:23  SCV  
  88  6:26  Marine  
  88  6:30  Combat Shields  
  88  6:31  Barracks Reactor x2  
  88  6:32  Marine  
  90  6:34  SCV  
  90  6:38  Marine  
  92  6:40  Marauder  
  92  6:41  Widow Mine x2  
  92  6:44  Marine  
  92  6:45  Supply Depot x2  
  99  6:47  Supply Depot  
  99  6:48  Supply Depot  
  99  6:50  Marine  
  99  6:52  Marine  
  101  6:55  Supply Depot  
  101  6:58  Supply Depot  
  101  6:59  Barracks Reactor  
  101  7:00  Barracks Reactor  
  101  7:06  Medivac x2, Marine x4  
  101  7:08  Marine  
  110  7:10  Marine x2  
  110  7:11  Widow Mine x2  
  110  7:14  Marine x2  
  118  7:25  Marauder x2  
  118  7:27  Marine x2  
  118  7:28  Marine x2  
  118  7:29  Concussive Shells  
  126  7:30  Supply Depot x2  
  126  7:33  Supply Depot  
  126  7:34  Supply Depot  
  126  7:36  Medivac, Marine  
  129  7:37  Marine x3  
  129  7:38  Terran Infantry Weapons Level 2  
  129  7:43  Terran Infantry Armor Level 2  
  132  7:44  Marine x2  
  132  7:46  Marauder x2  
  133  7:57  Marine x3  
  132  7:59  Widow Mine x2, Medivac  
  136  8:06  Medivac, Marine  
  136  8:07  Marauder x2, Marine x2  
  136  8:08  Marine  
  138  8:13  Marine  
  138  8:18  Command Center  
  128  8:23  Marine x5  
  106  8:28  Marine x3  
  106  8:29  Marauder x2, Marine x3  
  106  8:30  Marine  
  103  8:41  Marine x4  
  90  8:42  SCV x2  
  90  8:47  Marine x2  
  90  8:48  Marine x2  
  88  8:50  Marauder x2  
  88  8:54  SCV x2, Marine  
  93  8:57  Marine  
  96  9:06  SCV x2  
  96  9:09  Marine  
  99  9:12  Widow Mine, Marauder x2  
  102  9:18  Marine  
  102  9:19  Marine x3, Medivac  
  102  9:20  Widow Mine, Marine  
  102  9:24  Medivac  
  109  9:29  Marine x2  
  109  9:30  Marine x2  
  108  9:33  Marauder x2  
  108  9:36  Marine x3  
  115  9:41  Widow Mine  
  117  9:47  Marine x4  
  117  9:48  Widow Mine  
  117  9:49  Medivac  
  125  9:54  Marauder x2  
  118  10:02  Marine x2  
  113  10:07  Medivac  
  113  10:10  Marine x3  
  114  10:15  Marine  
  114  10:16  Marauder x2  
  106  10:22  Marine x3  
  105  10:29  Marine  
  105  10:30  Marine  
  98  10:37  Marauder x2  
  98  10:38  Orbital Command  
  98  10:41  Marine  
  91  10:49  Marine x2  
  85  10:54  Marine x8  
  85  10:59  Marauder x2  
Tags
 
Add a new tag
Caveats
  • Supply blocks, unpowered buildings, or Contaminate may cause inaccurate times.
  • Supply counts are checked every 10 seconds.